 Dungeon Crawl Stone Soup version 0.30-a0-1103-g25895a7845 (webtiles) character file.

Game seed: 8915744681696806824

17213 LustLizard the Destroyer (level 12, -22/62 HPs)
             Began as a Deep Elf Air Elementalist on Apr 18, 2023.
             Was a Priest of Hepliaklqana.
             Killed from afar by Jorgrun (30 damage)
             ... with a blast of rock fragments
             ... on level 12 of the Dungeon.
             The game lasted 00:34:57 (20399 turns).

LustLizard the Destroyer (DEAE)                    Turns: 20399, Time: 00:34:57

Health: -22/62     AC: 16    Str:  7    XL:     12   Next: 16%
Magic:  13/28      EV: 12    Int: 24    God:    Hepliaklqana [***...]
Gold:   646        SH:  5    Dex: 21    Spells: 17/31 levels left

rFire   . . .      SeeInvis .    X - staff of air
rCold   . . .      Faith    .    (no shield)
rNeg    . . .      Spirit   .    T - +0 acid dragon scales
rPois   .          Reflect  +    x - +0 helmet
rElec   +          Rampage  .    o - +2 cloak
rCorr   +                        C - +0 pair of gloves
Will    +....                    g - +0 pair of boots
Stlth   ++++                     d - amulet of reflection
HPRegen 0.30/turn                p - +6 ring of dexterity
MPRegen 0.21/turn                G - +4 ring of protection

@: no status effects
A: reduced essence
a: Renounce Religion, Recall Ancestor, Ancestor Identity, Transference


You were on level 12 of the Dungeon.
You worshipped Hepliaklqana.
Hepliaklqana was most pleased with you.
You visited 2 branches of the dungeon, and saw 13 of its levels.
You also visited: Ossuary.

You collected 646 gold pieces.

Inventory:

Missiles
 f - 15 poisoned darts
 E - 4 throwing nets
Armour
 g - a +0 pair of boots (worn)
 h - a scarf of repulsion
 l - a +1 robe of positive energy
 o - a +2 cloak (worn)
 x - a +0 helmet (worn)
 C - a +0 pair of gloves (worn)
 T - +0 acid dragon scales (worn)
Magical Staves
 X - a staff of air (weapon)
Jewellery
 d - an amulet of reflection (around neck)
 p - a +6 ring of dexterity (left hand)
 t - an amulet of faith
 A - a +4 ring of slaying
 G - a +4 ring of protection (right hand)
 O - a ring of resist corrosion
 R - a +6 ring of strength
 S - a ring of see invisible
 U - a ring of ice
Wands
 b - a wand of roots (5)
 i - a wand of flame (49)
 P - a wand of digging (4)
 W - a wand of polymorph (13)
Scrolls
 c - 6 scrolls of teleportation
 e - 2 scrolls of immolation
 n - 3 scrolls of amnesia
 s - 2 scrolls of enchant weapon {unknown}
 u - a scroll of fear
 v - a scroll of brand weapon {unknown}
 w - 3 scrolls of poison {unknown}
 y - 4 scrolls of fog
 D - 3 scrolls of magic mapping
 F - a scroll of summoning {unknown}
 I - a scroll of torment {unknown}
 M - 2 scrolls of enchant armour {unknown}
 Q - 2 scrolls of vulnerability {unknown}
 V - 3 scrolls of silence {unknown}
Potions
 a - 3 potions of flight
 j - 6 potions of heal wounds
 k - a potion of resistance {unknown}
 m - 2 potions of might
 q - 2 potions of attraction {unknown}
 r - 8 potions of curing
 z - 3 potions of mutation {unknown}
 B - 3 potions of haste
 H - 5 potions of ambrosia
 J - a potion of berserk rage {unknown}
 K - 2 potions of brilliance {unknown}
 L - 2 potions of cancellation {unknown}
 N - a potion of invisibility {unknown}


   Skills:
 + Level 5.9 Fighting
 - Level 2.4 Dodging
 - Level 7.0 Stealth
 + Level 10.0 Spellcasting
 * Level 11.5 Conjurations
 * Level 8.3 Translocations
 * Level 11.0 Air Magic


You had 17 spell levels left.
You knew the following spells:

 Your Spells              Type           Power      Damage    Failure   Level
a - Shock                 Conj/Air       100%       1d9       1%          1
b - Static Discharge      Conj/Air       100%       2-7/arc   1%          2
c - Swiftness             Air            77%        N/A       1%          3
d - Airstrike             Air            38%        2d(6-22)  1%          4
e - Iskenderun's Mystic   Conj/Tloc      56%        2d12      1%          4

Your spell library contained the following spells:

 Spells                   Type           Power      Damage    Failure   Level
 Lesser Beckoning         Tloc           100%       N/A       1%          2
 Gell's Gravitas          Tloc           51%        N/A       1%          3
 Teleport Other           Tloc           51%        N/A       1%          3
 Dazzling Flash           Conj/Hex       78%        N/A       2%          3
 Cigotuvi's Dreadful Rot  Necr/Pois/Air  88%        N/A       3%          2
 Volatile Blastmotes      Fire/Tloc      64%        2d15      5%          3
 Freezing Cloud           Conj/Ice/Air   32%        6-21      13%         5
 Sublimation of Blood     Necr           12%        N/A       16%         2
 Irradiate                Conj/Tmut      19%        3d18      26%         5
 Silence                  Hex/Air        27%        N/A       28%         5
 Ignite Poison            Fire/Tmut/Pois 12%        N/A       30%         3
 Petrify                  Tmut/Erth      12%        N/A       69%         4
 Starburst                Conj/Fire      19%        6d7       82%         6
 Agony                    Necr           12%        N/A       95%         5


Dungeon Overview and Level Annotations

Branches:
Dungeon (12/15)            Temple (1/1) D:6            Lair (0/5) D:11
    Orc (0/2) D:10        Ossuary (visited)

Altars:
Ashenzari
Cheibriados
Dithmenos
Elyvilon
Fedhas
Gozag
Hepliaklqana
Kikubaaqudgha
Makhleb
Nemelex Xobeh
Okawaru
Qazlal
Ru
Sif Muna
Trog
Uskayaw
Vehumet
Wu Jian
Xom
Yredelemnul
Zin
The Shining One

Shops:
D:2 :   D:8 *   D:11 [

Annotations:
D:12 Jorgrun


Message History

Aiming: Airstrike (dangerous; 1% risk of failure)
Press: ? - help, Dir - move target, f - Jorgrun
Aim: Jorgrun, wielding a staff of earth and wearing a +0 robe (ally target, empty space bonus: 5/8)
You feel a surge of power!
The air twists around and strikes Jorgrun!!
Jorgrun is lightly wounded.
Jorgrun gestures at you while chanting. The iron shot hits you!!!
Ouch! That really hurt!
Casting: Airstrike (dangerous; 1% risk of failure)
Confirm with . or Enter, or press ? or * to list all spells.
Aiming: Airstrike (dangerous; 1% risk of failure)
Press: ? - help, Dir - move target, f/p - Jorgrun
Aim: Jorgrun, wielding a staff of earth and wearing a +0 robe (lightly wounded, ally target, empty space bonus: 5/8)
You feel a surge of power!
The air twists around and strikes Jorgrun!!
Jorgrun is moderately wounded.
Dusana closely misses Jorgrun.
Casting: Airstrike (dangerous; 1% risk of failure)
Confirm with . or Enter, or press ? or * to list all spells.
Aiming: Airstrike (dangerous; 1% risk of failure)
Press: ? - help, Dir - move target, f/p - Jorgrun
Aim: Jorgrun, wielding a staff of earth and wearing a +0 robe (moderately wounded, ally target, empty space bonus: 5/8)
You feel a surge of power!
The air twists around and strikes Jorgrun!
Jorgrun is heavily wounded.
Jorgrun casts a spell next to you.
The wall shatters!
The blast of rock fragments hits you!
* * * LOW HITPOINT WARNING * * *
Casting: Airstrike (dangerous; 1% risk of failure)
Confirm with . or Enter, or press ? or * to list all spells.
Aiming: Airstrike (dangerous; 1% risk of failure)
Press: ? - help, Dir - move target, f/p - Jorgrun
Aim: Jorgrun, wielding a staff of earth and wearing a +0 robe (heavily wounded, ally target, empty space bonus: 5/8)
You feel a surge of power!
The air twists around and strikes Jorgrun!
Jorgrun is severely wounded.
Jorgrun gestures next to you while chanting.
The wall shatters!
The blast of rock fragments hits you!!
You die...

.........###.#####..............
..##.#+#................#######.
?. #.P PPP...###.##.###.# ..
##P$$$P##.# #.##.# #.# ..
P$$$P##.# #.##.# #.# ..
P$$$..#.# #.##.# #.# #.###.##.#
#.# ..#.gR.....###.#
.......@........ #######.#######
#.# ..# ###


You could see the friendly Dusana the knight and Jorgrun (ally target).

Vanquished Creatures
  Frances (D:12)
  A cyclops (D:11)
  Joseph (D:7)
  2 gargoyles
  3 trolls
  2 hornets
  Grinder (D:6)
  Sigmund (D:4)
  2 slime creatures (D:11)
  2 shadows (D:9)
  16 yaks
  Eustachio (D:5)
  A wraith (D:9)
  2 wyverns
  A basilisk (D:12)
  2 vampire mosquitoes (D:12)
  A steam dragon (D:10)
  Edmund (D:5)
  3 acid dragons
  A water moccasin (D:5)
  4 orc warriors
  2 ice beasts
  A black bear (D:7)
  2 ogres
  2 centaurs
  2 phantoms
  A gnoll sergeant (D:9)
  3 scorpions
  A wight (D:10)
  16 killer bees (D:9)
  5 howler monkeys
  A centaur zombie (Ossuary)
  A human zombie (Ossuary)
  2 jellies
  A gnoll bouda (D:6)
  2 hounds (D:6)
  10 orc priests
  12 iguanas
  Jessica (D:2)
  11 orc wizards
  A sleepcap (D:5)
  4 mummies
  12 adders
  23 gnolls
  A shadow imp (D:7)
  3 white imps
  2 ufetubi
  2 worms (D:2)
  48 orcs
  6 endoplasms
  5 giant cockroaches
  2 gnoll zombies (Ossuary)
  5 goblins
  10 hobgoblins
  2 jackals (D:2)
  6 kobolds
  3 quokkas
  7 ball pythons
  7 bats
  6 frilled lizards
  A goblin zombie (Ossuary)
  A hobgoblin zombie (Ossuary)
  A kobold zombie (Ossuary)
  An orc zombie (Ossuary)
  8 rats
292 creatures vanquished.

Vanquished Creatures (collateral kills)
  Harold (D:9)
  Maurice (D:8)
  A gargoyle (D:12)
  2 unseen horrors
  A queen bee (D:9)
  A slime creature (D:11)
  A shadow (D:11)
  A wraith (D:11)
  14 yaks
  An orc warrior (D:8)
  3 wights (D:10)
  A killer bee (D:9)
  A howler monkey (D:8)
  3 orc wizards
  2 gnolls
  A white imp (D:8)
  3 orcs (D:8)
38 creatures vanquished.

Vanquished Creatures (others)
  5 knights
  2 ancestors (D:7)
  7 plants (D:4)
  2 toadstools (D:12)
16 creatures vanquished.

Grand Total: 346 creatures vanquished

Notes
Turn   | Place    | Note
-------+----------+-------------------------------------------
     0 | D:1      | LustLizard the Deep Elf Air Elementalist began the quest
                  | for the Orb.
     0 | D:1      | Reached XP level 1. HP: 10/10 MP: 6/6
   375 | D:1      | Reached XP level 2. HP: 15/15 MP: 4/8
  1388 | D:2      | Noticed Jessica
  1392 | D:2      | Killed Jessica
  1393 | D:2      | Reached XP level 3. HP: 20/20 MP: 3/9
  1396 | D:2      | Learned a level 2 spell: Static Discharge
  1400 | D:2      | Learned a level 3 spell: Swiftness
  1641 | D:2      | Found Usoes's Book Emporium.
  2033 | D:2      | Reached XP level 4. HP: 24/24 MP: 9/11
  2851 | D:2      | Reached skill level 1 in Fighting
  3230 | D:3      | Reached XP level 5. HP: 29/29 MP: 4/12
  3766 | D:3      | Found a faded altar of an unknown god.
  4315 | D:4      | Reached XP level 6. HP: 20/34 MP: 1/14
  4977 | D:4      | Found a glowing golden altar of the Shining One.
  5328 | D:4      | Noticed Sigmund
  5798 | D:4      | Reached skill level 5 in Air Magic
  5798 | D:4      | Reached XP level 7. HP: 35/39 MP: 8/16
  5927 | D:4      | Found an ancient bone altar of Kikubaaqudgha.
  6107 | D:4      | Reached skill level 5 in Spellcasting
  6248 | D:4      | Reached skill level 5 in Conjurations
  6462 | D:4      | Killed Sigmund
  6463 | D:4      | Reached skill level 5 in Stealth
  6648 | D:5      | Entered Level 5 of the Dungeon
  6657 | D:5      | Reached XP level 8. HP: 40/45 MP: 10/18
  6982 | D:5      | Noticed Eustachio
  6999 | D:5      | Killed Eustachio
  7133 | D:5      | Found a sand-covered staircase.
  7144 | Ossuary  | Entered an ossuary
  7251 | Ossuary  | Learned a level 4 spell: Airstrike
  7909 | D:5      | Found a hazy altar of Hepliaklqana.
  7957 | D:5      | Became a worshipper of Hepliaklqana the Forgotten
  8443 | D:5      | Noticed Edmund
  8451 | D:5      | Killed Edmund
  8452 | D:5      | Reached XP level 9. HP: 12/51 MP: 5/20
  8785 | D:5      | Found a bloodstained altar of Trog.
  8786 | D:5      | Found a basalt altar of Yredelemnul.
  9059 | D:6      | Noticed Grinder
  9070 | D:6      | Killed Grinder
  9501 | D:6      | Reached * piety under Hepliaklqana
  9905 | D:6      | Found a staircase to the Ecumenical Temple.
  9983 | Temple   | Entered the Ecumenical Temple
 10594 | D:7      | Found a radiant altar of Vehumet.
 11006 | D:7      | Found a shadowy altar of Dithmenos.
 11086 | D:7      | Learned a level 4 spell: Iskenderun's Mystic Blast
 11087 | D:7      | Found an iron altar of Okawaru.
 11344 | D:7      | Noticed Joseph
 11346 | D:7      | Reached skill level 1 in Translocations
 11358 | D:7      | Killed Joseph
 11765 | D:7      | Found a hide-covered altar of Uskayaw.
 11893 | D:8      | Reached XP level 10. HP: 51/51 MP: 4/23
 12413 | D:8      | Reached ** piety under Hepliaklqana
 12414 | D:8      | Remembered your ancestor Dusana as a knight
 12495 | D:8      | Noticed Maurice
 12499 | D:8      | Killed Maurice
 12625 | D:8      | Found Canallourgh's Mayhem Merchandise.
 14245 | D:9      | Reached skill level 5 in Translocations
 14422 | D:9      | Found a broken altar of Ashenzari.
 14425 | D:9      | Found a glowing silver altar of Zin.
 14752 | D:9      | Noticed Harold
 14767 | D:9      | Killed Harold
 14768 | D:9      | Reached skill level 5 in Fighting
 14768 | D:9      | Reached XP level 11. HP: 44/56 MP: 2/25
 14966 | D:9      | Reached skill level 10 in Conjurations
 15433 | D:10     | Entered Level 10 of the Dungeon
 16027 | D:10     | Found a staircase to the Orcish Mines.
 16068 | D:10     | Identified the +1 ring mail of Courage {rC- rN+++ Slay+4}
 16135 | D:10     | Reached skill level 10 in Air Magic
 16915 | D:10     | Reached *** piety under Hepliaklqana
 17934 | D:11     | Found a staircase to the Lair.
 18139 | D:11     | Found Adit's Armour Boutique.
 18683 | D:12     | Noticed Frances
 19876 | D:12     | Killed Frances
 19877 | D:12     | Reached XP level 12. HP: 36/62 MP: 2/27
 19924 | D:12     | Reached skill level 10 in Spellcasting
 20395 | D:12     | Noticed Jorgrun
 20399 | D:12     | Killed from afar by Jorgrun

Illustrated notes

Levels and vault maps discovered:
D:1:      minmay_arrival_arboretum_small, layout_basic, minmay_misc_feat_rugged,
          st_stairs_8
D:2:      minmay_thinvault, layout_basic, serial_shops,
          nicolae_shop_real_fake_doors, uniq_jessica
D:3:      layout_loops_cross, ebering_ecumenical_altar_rust, minivault_14,
          minmay_liquid_box, chequers_serial_rivers_large_a, hex_large,
          due_unseen_surprise
D:4:      layout_loops_corners, mainiacjoe_overflow_small_starburst,
          lemuel_tele_altar, serial_forest, infiniplex_forest_zigzag_1,
          infiniplex_forest_lined_room_2, infiniplex_forest_lined_corner,
          infiniplex_forest_3_way, infiniplex_forest_end_2,
          infiniplex_forest_clump_diagonal, infiniplex_forest_3_way,
          saegor_snake_ambush, uniq_sigmund
D:5:      layout_loops_corners, gammafunk_temple_overflow_pools,
          kennysheep_mini_moat, gup_ossuary_entry_pyramid, uniq_edmund,
          uniq_eustachio
D:6:      layout_layer_cave, minmay_temple_entry_slanted, uniq_grinder
D:7:      layout_loops_cross, nicolae_vehumet_altar_sigil,
          mainiacjoe_overflow_alcove_2, grunt_dithmenos_shadows,
          okawaru_trees_2, uniq_joseph
D:8:      layout_gridville, minmay_shop_mayhem, uniq_maurice
D:9:      layout_long_grid, nicolae_overflow_squiral, eino_curves_03,
          minivault_7, uniq_harold
D:10:     layout_layer_cave, david_orc_2
D:11:     layout_basic, lair_entry_dummy, serial_shops,
          nicolae_shop_back_alley_shop
D:12:     layout_basic, minmay_gold_behind_fungi, uniq_frances, uniq_jorgrun
Temple:   nicolae_temple_ecumenical_triangle

Skill      XL: |  1  2  3  4  5  6  7  8  9 10 11 12 |
---------------+-------------------------------------+-----
Conjurations   | 2 3 4 5 6 8 9 11 | 11.5
Stealth        | 3 4 5 6 7 |  7.0
Fighting       | 1 2 3 4 5 |  5.9
Air Magic      | 4 5 7 8 9 10 11 | 11.0
Spellcasting   | 4 5 6 7 8 9 10 | 10.0
Translocations | 2 5 8 |  8.3
Dodging        | |  2.4

Action                     |  1- 3 |  4- 6 |  7- 9 | 10-12 || total
---------------------------+-------+-------+-------+-------++-------
   Fire: Sling             |       |     7 |       |     9 ||    16
   Cast: Shock             |    69 |   158 |   286 |   214 ||   727
         Static Discharge  |     1 |    21 |    52 |    31 ||   105
         Swiftness         |       |     1 |       |     1 ||     2
         Airstrike         |       |       |    12 |   148 ||   160
         Iskenderun's Myst |       |       |       |     1 ||     1
 Invoke: Recall Ancestor   |       |       |       |     8 ||     8
         Ancestor Life: Kn |       |       |       |     1 ||     1
  Evoke: Wand              |       |       |       |     9 ||     9
    Use: Potion            |       |       |     1 |     1 ||     2
         Scroll            |       |       |    10 |     5 ||    15
 Armour: Robe              |     1 |     8 |    24 |    23 ||    56
         Acid dragon scale |       |       |       |    20 ||    20
  Dodge: Dodged            |     5 |    15 |    41 |    40 ||   101
  Block: Other             |     1 |     8 |    10 |    15 ||    34
         Reflection        |     1 |       |     1 |     3 ||     5

Table legend: (Time is in decaauts)
 A = Elapsed time spent in this place.
 B = Non-inter-level travel time spent in this place.
 C = Inter-level travel time spent in this place.
 D = Time resting spent in this place.
 E = Time spent auto-exploring this place.
 F = Levels seen in this place.
 G = Mean time per level.
                   A        B        C        D        E       F      G
               +--------+--------+--------+--------+--------+-----+--------+
         Total |  20448 |  19912 |    536 |   1136 |  16180 |  14 | 1460.6 |
       Dungeon |  19828 |  19296 |    532 |   1136 |  15667 |  12 | 1652.3 |
        Temple |     41 |     37 |      4 |      0 |     31 |   1 |   41.0 |
       Ossuary |    578 |    578 |      0 |      0 |    482 |   1 |  578.0 |
               +--------+--------+--------+--------+--------+-----+--------+

Top non-repeatable levels by time:
     D:4: 2388 daAuts
    D:11: 2207 daAuts
     D:8: 1879 daAuts
    D:10: 1790 daAuts
     D:2: 1775 daAuts
     D:5: 1741 daAuts
     D:9: 1725 daAuts
     D:6: 1523 daAuts
     D:1: 1368 daAuts
     D:7: 1295 daAuts
     D:3: 1160 daAuts
    D:12: 971 daAuts
 Ossuary: 578 daAuts
  Temple: 41 daAuts
